 Dungeon Sprint DCSS version 0.21-a0-286-g6fcecc0 (webtiles) character file.

1094 potatolord6000 the Blocker (level 8, -5/72 HPs)
             Began as a Formicid Fighter on Sept 27, 2017.
             Was an Elder of the Shining One.
             Slain by Snorg (26 damage)
             ... in the Dungeon (Sprint III: "The Ten Rune Challenge").
             The game lasted 00:04:01 (616 turns).

potatolord6000 the Blocker (Formicid Fighter)        Turns: 616, Time: 00:04:02

Health: -5/72      AC:  8    Str: 22    XL:     8   Next: 57%
Magic:  9/11       EV: 10    Int:  9    God:    the Shining One [****..]
Gold:   33         SH: 20    Dex: 10    Spells: 7/7 levels left

rFire    . . .     SeeInvis +   a - +0 quarterstaff
rCold    . . .     Gourm    .   c - +0 shield
rNeg     + + .     Faith    .   b - +0 scale mail
rPois    .         Spirit   .   (helmet unavailable)
rElec    .         Reflect  .   (no cloak)
rCorr    .         Harm     .   (no gloves)
MR       .....                  (no boots)
Stlth    ..........             (no amulet)
HPRegen  0.22/turn              (no ring)
MPRegen  0.12/turn              (no ring)

@: divine shield, glowing, very slow
A: permanent stasis, dig shafts and tunnels, four strong arms, antennae 3
a: Dig, Divine Shield, Cleansing Flame, Renounce Religion


You were in the Dungeon.
You worshipped the Shining One.
The Shining One was greatly pleased with you.
You were not hungry.

You visited 1 branch You collected 33 gold pieces.

Inventory:

Hand Weapons
 a - a +0 quarterstaff (weapon)
Armour
 b - a +0 scale mail (worn)
 c - a +0 shield (worn)
Scrolls
 e - 2 scrolls of identify
 g - 2 scrolls of remove curse
 l - a scroll of fear
 n - a scroll of torment {unknown}
Potions
 i - 2 potions of magic
 m - 2 potions of flight {unknown}
Comestibles
 f - 2 bread rations
 o - 2 royal jellies


   Skills:
 + Level 10.0 Fighting
 + Level 9.0 Staves
 + Level 10.0 Armour
 + Level 10.9 Shields
 + Level 5.0 Invocations


You had 7 spell levels left.
You didn't know any spells.

Dungeon Overview and Level Annotations

Branches:
Dungeon (1/1)

Altars:
Cheibriados
Dithmenos
Elyvilon
Fedhas
Gozag
Hepliaklqana
Kikubaaqudgha
Makhleb
Nemelex Xobeh
Okawaru
Qazlal
Ru
Sif Muna
Trog
Uskayaw
Vehumet
Wu Jian
Xom
Yredelemnul
Zin
The Shining One
Beogh
Jiyva
Lugonu

Annotations:
D Snorg


Innate Abilities, Weirdness & Mutations

You cannot be hasted, slowed, berserked, paralysed or teleported.
You can dig through walls and to a lower floor.
Your four strong arms can wield two-handed weapons with a shield.
You have a pair of large antennae on your head. (SInv)


Message History

Snorg is lightly wounded.
You block Snorg's attack. Snorg claws you! Snorg claws you but does no damage.
Unknown command.
You hit Snorg.
Snorg is lightly wounded.
You block Snorg's attack. Snorg claws you but does no damage. Snorg claws you!
* * * LOW HITPOINT WARNING * * *
Unknown command.
You sock Snorg!
Snorg is lightly wounded.
Snorg goes berserk!
Unknown command.
As you read the scroll labeled ZOYCYL ZUCLOTE, it crumbles to dust.
It is a scroll of identify.
Really abort (and waste the scroll)? [Y]es or [N]o only, please.
Really abort (and waste the scroll)?
l - a scroll of fear Snorg bites you!!
You die... ..#___#___#__# ..#.).#__.#._# {{{{{{ ..###+#'###)## {{{{{{ ..#..........# {{{{{{

..'.⌠........#
..#...######'#
..#.⌠.#v_#...#+#####
..#...#__#...#..§≈§+
..#)###__#...#§#@§§#
..#)..#__#...'.#T§§#
..#___#__+...#.#§§§#
{
▓▓▓▓▓▓▓▓▓▓▓▓▓▓▓▓▓▓▓▓
{ { { {{ { {{


You could see Snorg (berserk).

Vanquished Creatures
  A deep elf mage (D)
  A shadow (D)
  A necrophage (D)
  A water elemental (D)
  A jelly (D)
  A necromancer (D)
  A wizard (D)
  3 humans (D)
  A kobold demonologist (D)
  A wolf (D)
  An ooze (D)
  3 rats (D)
16 creatures vanquished.

Vanquished Creatures (others)
  2 draconian scorchers (D)
  6 hellions (D)
  A yaktaur (D)
9 creatures vanquished.

Grand Total: 25 creatures vanquished

Notes
Turn   | Place    | Note
-------+----------+-------------------------------------------
     0 | D        | potatolord6000 the Formicid Fighter began the quest for the Orb.
     0 | D        | Reached XP level 1. HP: 18/18 MP: 1/1
    64 | D        | Reached XP level 2. HP: 22/25 MP: 2/2
    74 | D        | Killed a hellion
    75 | D        | Killed a hellion
    76 | D        | Killed a hellion
   107 | D        | Killed a hellion
   108 | D        | Killed a hellion
   121 | D        | Reached XP level 3. HP: 16/30 MP: 3/3
   128 | D        | Reached skill level 5 in Shields
   135 | D        | Noticed a water elemental
   140 | D        | Killed a water elemental
   140 | D        | Reached skill level 5 in Fighting
   140 | D        | Reached skill level 5 in Armour
   140 | D        | Reached XP level 4. HP: 28/40 MP: 4/4
   157 | D        | Killed a hellion
   168 | D        | Found a glowing silver altar of Zin.
   168 | D        | Found a glowing golden altar of the Shining One.
   168 | D        | Found a white marble altar of Elyvilon.
   169 | D        | Noticed a deep elf mage
   177 | D        | Killed a deep elf mage
   177 | D        | Reached XP level 5. HP: 41/51 MP: 5/5
   177 | D        | Reached XP level 6. HP: 46/57 MP: 6/6
   177 | D        | Reached XP level 7. HP: 51/63 MP: 7/7
   179 | D        | Became a worshipper of the Shining One
   179 | D        | Killed a white draconian scorcher
   185 | D        | Killed a yaktaur
   197 | D        | Killed a white draconian scorcher
   237 | D        | Found a radiant altar of Vehumet.
   237 | D        | Found a deep blue altar of Sif Muna.
   237 | D        | Found an ancient bone altar of Kikubaaqudgha.
   239 | D        | Reached * piety under the Shining One
   246 | D        | Noticed a chaos spawn
   248 | D        | Reached skill level 1 in Invocations
   266 | D        | Found an ornate altar of the Wu Jian Council.
   266 | D        | Found a roughly hewn altar of Beogh.
   266 | D        | Found an iron altar of Okawaru.
   266 | D        | Found a bloodstained altar of Trog.
   266 | D        | Found a hide-covered altar of Uskayaw.
   266 | D        | Noticed a human
   266 | D        | Reached ** piety under the Shining One
   267 | D        | Noticed a human
   281 | D        | Killed a human
   281 | D        | Reached skill level 10 in Shields
   294 | D        | Killed a human
   294 | D        | Reached XP level 8. HP: 14/71 MP: 5/10
   549 | D        | Found a basalt altar of Yredelemnul.
   549 | D        | Found a shadowy altar of Dithmenos.
   549 | D        | Found a sacrificial altar of Ru.
   551 | D        | Reached *** piety under the Shining One
   571 | D        | Noticed a shadow
   578 | D        | Killed a shadow
   578 | D        | Reached **** piety under the Shining One
   578 | D        | Reached skill level 10 in Fighting
   578 | D        | Reached skill level 10 in Armour
   578 | D        | Reached skill level 5 in Invocations
   587 | D        | Found a blossoming altar of Fedhas.
   587 | D        | Found a stormy altar of Qazlal.
   587 | D        | Found a snail-covered altar of Cheibriados.
   587 | D        | Found a burning altar of Makhleb.
   587 | D        | Found a shimmering altar of Xom.
   588 | D        | Found a hazy altar of Hepliaklqana.
   588 | D        | Found an opulent altar of Gozag.
   588 | D        | Found a sparkling altar of Nemelex Xobeh.
   588 | D        | Found a corrupted altar of Lugonu.
   588 | D        | Found a viscous altar of Jiyva.
   604 | D        | Noticed Snorg
   616 | D        | Slain by Snorg

Vault maps used:
D:        dungeon_sprint_mu

Skill      XL: |  1  2  3  4  5  6  7  8 |
---------------+-------------------------+-----
Shields        | 4 6 9 10 | 10.9
Fighting       | 4 5 8 9 10 | 10.0
Staves         | 3 4 7 8 9 |  9.0
Armour         | 4 5 8 9 10 | 10.0
Invocations    | 3 5 |  5.0

Action                   |  1- 3 |  4- 6 |  7- 9 || total
-------------------------+-------+-------+-------++-------
Melee: Quarterstaff      |    32 |     4 |    55 ||    91
Invok: Divine Shield     |       |       |     2 ||     2
  Use: Potion            |     3 |       |     1 ||     4
       Scroll            |       |       |     2 ||     2
Armor: Scale mail        |    11 |     2 |    11 ||    24
Dodge: Dodged            |     9 |     1 |    23 ||    33
Block: Shield            |    20 |     1 |    41 ||    62

Table legend:
 A = Spawn XP
 B = Non-spawn XP
 C = Spawn XP percentage of total XP
 D = Spawn monster count
 E = Non-spawn monster count
 F = Spawn count percentage of total count
 G = Total turns spent on level
                    A         B        C        D         E        F      G
               +---------+---------+-------+---------+---------+-------+---------
         Total |       0 |    1563 |   0.0 |       0 |      16 |   0.0 |   616
               +---------+---------+-------+---------+---------+-------+---------
             D |       0 |    1563 |   0.0 |       0 |      16 |   0.0 |   616
               +---------+---------+-------+---------+---------+-------+---------
